 Dungeon Sprint DCSS version 0.21-a0-50-g941c862 (webtiles) character file.

438 Kidiri the Ruffian (level 6, -1/67 HPs)
             Began as a Troll Monk on June 11, 2017.
             Was a Believer of Wu Jian.
             Slain by Sonja
             ... wielding a +1 dagger of distortion
              (14 damage)
             ... in the Dungeon (Sprint I: "Red Sonja").
             The game lasted 00:02:20 (416 turns).

Kidiri the Ruffian (Troll Monk)                      Turns: 416, Time: 00:02:21

Health: -1/67      AC:  5    Str: 20    XL:     6   Next: 69%
Magic:  5/5        EV: 13    Int:  6    God:    Wu Jian [**....]
Gold:   297        SH:  0    Dex: 14    Spells: 5/5 levels left

rFire    . . .     SeeInvis .     - Unarmed
rCold    . . .     Gourm    +   (no shield)
rNeg     . . .     Faith    .   a - +0 robe
rPois    .         Spirit   .   (helmet restricted)
rElec    .         Reflect  .   (no cloak)
rCorr    .         Harm     .   (gloves unavailable)
MR       .....     NoTele   +   (boots unavailable)
Stlth    +++.......             (no amulet)
Regen    0.7/turn               (no ring)
MPRegen  0.1/turn               (no ring)

@: lethally poisoned (-1 -> -1), slowed, very slow
A: unfitting armour, claws 3, fast metabolism 3, gourmand, regeneration 1,
shaggy fur 1, tough skin 2
a: Renounce Religion


You were in the Dungeon.
You worshipped Wu Jian.
Wu Jian was pleased with you.
You were very full.

You visited 1 branch You collected 297 gold pieces.

Inventory:

Armour
 a - a +0 robe (worn)
Scrolls
 h - a scroll of blinking
 j - a scroll of fog {unknown}
Potions
 c - a potion of lignification {unknown}
 e - a potion of haste
 f - 2 potions of magic
 g - a potion of berserk rage
 k - a potion of agility {unknown}
Comestibles
 b - 2 bread rations


   Skills:
 * Level 6.1 Fighting
 + Level 3.7 Armour
 * Level 6.2 Dodging
 * Level 4.4 Stealth
 * Level 7.4 Unarmed Combat


You had 5 spell levels left.
You didn't know any spells.

Dungeon Overview and Level Annotations

Branches:
Dungeon (1/1)

Altars:
Cheibriados
Dithmenos
Elyvilon
Fedhas
Gozag
Hepliaklqana
Kikubaaqudgha
Nemelex Xobeh
Okawaru
Qazlal
Ru
Sif Muna
Trog
Uskayaw
Vehumet
Wu Jian
Yredelemnul
Zin
The Shining One

Shops:
D =

Annotations:
D Sonja


Innate Abilities, Weirdness & Mutations

You are too large for most types of armour.
You have claws for hands.
Your metabolism is lightning-fast.
You like to eat raw meat.
Your natural rate of healing is unusually fast.
You are covered in fur. (AC +1)
You have very tough skin. (AC +2)


Message History

You feel a strange sense of stasis.
Sonja hits you with an uncursed dagger of distortion.
Space warps horribly around you!
* * * LOW HITPOINT WARNING * * *
There is an ornate altar of the Wu Jian Council here.
You feel much better. Sonja hits you but does no damage. x2
Sonja barely misses you. Sonja closely misses you. Sonja barely misses you.
Sonja closely misses you.
You spin and attack Sonja.
You mangle Sonja!!
Sonja is heavily wounded.
You feel sick.
Sonja casts a spell.
Sonja blinks!
Sonja hits you with an uncursed dagger of distortion!
Space bends around you.
* * * LOW HITPOINT WARNING * * *
Sonja hits you with an uncursed dagger of distortion.
* * * LOW HITPOINT WARNING * * *
Space warps horribly around you!
You die...

################
#<.#..'..#.)'..#
#..').#.)'..#..+
#..#####+#####'#
#..####..#...#.#
#..#__####..##)#
#..#_____##+#_.+
#⌠⌠#_.∩...+.§@K#
####_..__##_(#+#
#_____###'#.#
####### #.###
$.$ $.$# ##.##
#+#


You could see Sonja.

Vanquished Creatures
  A yak (D)
  Sigmund (D)
  An ogre (D)
  A jelly (D)
  Ijyb (D)
5 creatures vanquished.

Notes
Turn   | Place    | Note
-------+----------+-------------------------------------------
     0 | D        | Kidiri the Troll Monk began the quest for the Orb.
     0 | D        | Reached XP level 1. HP: 22/22 MP: 0/0
     2 | D        | Noticed Ijyb
    17 | D        | Killed Ijyb
    17 | D        | Reached skill level 1 in Armour
    17 | D        | Reached skill level 4 in Unarmed Combat
    17 | D        | Reached XP level 2. HP: 17/31 MP: 1/1
    79 | D        | Noticed an ogre
    82 | D        | Killed an ogre
    82 | D        | Reached skill level 5 in Unarmed Combat
    82 | D        | Reached XP level 3. HP: 39/39 MP: 2/2
    82 | D        | Reached XP level 4. HP: 48/48 MP: 3/3
    96 | D        | Noticed Sigmund
   115 | D        | Killed Sigmund
   115 | D        | Reached skill level 5 in Fighting
   115 | D        | Reached skill level 5 in Dodging
   115 | D        | Reached skill level 6 in Unarmed Combat
   115 | D        | Reached XP level 5. HP: 21/57 MP: 4/4
   191 | D        | Found a deep blue altar of Sif Muna.
   192 | D        | Found an ornate altar of the Wu Jian Council.
   193 | D        | Found a radiant altar of Vehumet.
   196 | D        | Became a worshipper of the Wu Jian Council
   196 | D        | Reached * piety under Wu Jian
   196 | D        | Reached ** piety under Wu Jian
   200 | D        | Reached XP level 6. HP: 45/66 MP: 5/5
   337 | D        | Found Cuamiom's Jewellery Emporium.
   337 | D        | Found an ancient bone altar of Kikubaaqudgha.
   337 | D        | Found a hazy altar of Hepliaklqana.
   337 | D        | Found a stormy altar of Qazlal.
   337 | D        | Found a hide-covered altar of Uskayaw.
   337 | D        | Found a blossoming altar of Fedhas.
   337 | D        | Found a bloodstained altar of Trog.
   337 | D        | Found an iron altar of Okawaru.
   337 | D        | Found a basalt altar of Yredelemnul.
   337 | D        | Found a glowing golden altar of the Shining One.
   337 | D        | Found a snail-covered altar of Cheibriados.
   337 | D        | Found a sacrificial altar of Ru.
   337 | D        | Found a glowing silver altar of Zin.
   337 | D        | Found a shadowy altar of Dithmenos.
   337 | D        | Found a white marble altar of Elyvilon.
   337 | D        | Noticed a yak
   341 | D        | Found an opulent altar of Gozag.
   342 | D        | Found a sparkling altar of Nemelex Xobeh.
   351 | D        | Killed a yak
   351 | D        | Reached skill level 7 in Unarmed Combat
   410 | D        | Noticed Sonja
   416 | D        | Slain by Sonja

Vault maps used:
D:        dungeon_sprint_1

Skill      XL: |  1  2  3  4  5  6 |
---------------+-------------------+-----
Fighting       | 3 4 5 6 |  6.1
Armour         | 1 2 3 |  3.7
Dodging        | 3 4 5 6 |  6.2
Unarmed Combat | 4 5 6 7 |  7.4
Stealth        | 2 3 4 |  4.4

Action                   |  1- 3 |  4- 6 || total
-------------------------+-------+-------++-------
Melee: Unarmed           |    16 |    29 ||    45
       Punch             |     2 |     1 ||     3
  Use: Potion            |     1 |     1 ||     2
 Stab: Sleeping          |     1 |       ||     1
  Eat: Chunk             |       |     8 ||     8
Armor: Robe              |     6 |     4 ||    10
Dodge: Dodged            |     5 |    16 ||    21
